 Dungeon Crawl Stone Soup version 0.23.0-3-gf3c87f2df8 (webtiles) character file.

Game seed: 12142947280925731022

653 Bapho the Magician (level 7, -7/43 HPs)
             Began as a Deep Elf Wizard on Feb 24, 2019.
             Was an Initiate of Vehumet.
             Shot with an arrow by a centaur (12 damage)
             ... on level 6 of the Dungeon.
             The game lasted 00:22:43 (7227 turns).

Bapho the Magician (Deep Elf Wizard)                Turns: 7227, Time: 00:22:43

Health: -7/43      AC:  6    Str:  5    XL:     7   Next: 29%
Magic:  12/17      EV: 15    Int: 24    God:    Vehumet [......]
Gold:   262        SH:  0    Dex: 13    Spells: 4/17 levels left

rFire    . . .     SeeInvis .   r - +3 quarterstaff (chaos)
rCold    . . .     Gourm    .   (shield currently unavailable)
rNeg     . . .     Faith    .   a - +0 robe
rPois    .         Spirit   .   b - +0 hat
rElec    .         Reflect  .   s - +0 cloak
rCorr    .         Harm     .   q - +0 pair of gloves
MR       .....                  v - +1 pair of boots
Stlth    ++........             (no amulet)
HPRegen  0.14/turn              (no ring)
MPRegen  0.15/turn              (no ring)

@: about to teleport
A: no striking features
a: Renounce Religion


You were on level 6 of the Dungeon.
You worshipped Vehumet.
Vehumet was noncommittal.
You were not hungry.

You visited 1 branch of the dungeon, and saw 6 of its levels.

You collected 262 gold pieces.

Inventory:

Hand Weapons
 e - a +0 short sword
 r - a +3 quarterstaff of chaos (weapon)
Armour
 a - a +0 robe (worn)
 b - a +0 hat (worn)
 q - a +0 pair of gloves (worn)
 s - a +0 cloak (worn)
 v - a +1 pair of boots (worn)
Jewellery
 u - an uncursed ring of resist corrosion {unknown}
 x - an uncursed amulet of guardian spirit {unknown}
Scrolls
 c - 6 scrolls of teleportation
 f - 8 scrolls of identify
 h - a scroll of remove curse
 i - 2 scrolls of random uselessness {unknown}
 j - a scroll of enchant armour {unknown}
 k - 4 scrolls of immolation {unknown}
 o - a scroll of amnesia {unknown}
 w - a scroll of blinking {unknown}
Potions
 g - a potion of mutation {unknown}
 l - 2 potions of curing
 m - 2 potions of magic
 n - 3 potions of flight {unknown}
 p - a potion of agility {unknown}
 t - a potion of ambrosia {unknown}
 z - a potion of heal wounds {unknown}
Comestibles
 d - 8 rations
 A - a chunk of flesh


   Skills:
 * Level 4.0 Fighting
 + Level 5.3 Dodging
 - Level 2.5 Stealth
 - Level 5.8 Spellcasting
 - Level 3.9 Conjurations
 - Level 1.1 Summonings
 - Level 1.1 Translocations


You had 4 spell levels left.
You knew the following spells:

 Your Spells              Type           Power        Failure   Level  Hunger
a - Magic Dart            Conj           ####         1%          1    None
b - Blink                 Tloc           N/A          8%          2    None
c - Call Imp              Summ           ##......     8%          2    None
d - Slow                  Hex            #.......     12%         2    None
e - Conjure Flame         Conj/Fire      ###.....     11%         3    #......
f - Mephitic Cloud        Conj/Pois/Air  ##......     14%         3    #......

Your spell library contained the following spells:

 Spells                   Type           Power        Failure   Level  Hunger


Dungeon Overview and Level Annotations

Branches:
Dungeon (6/15)
 Temple: D:4-7

Altars:
Dithmenos
Okawaru
Qazlal
Vehumet
The Shining One

Shops:
D:5 *


Message History

Your crimson imp completely misses the centaur.
The centaur shoots an arrow.
The arrow misses your crimson imp. The arrow hits you!
* * * LOW HITPOINT WARNING * * *
Your crimson imp barely misses the centaur.
Casting: Call Imp (safe; 8% risk of failure)
Confirm with . or Enter, or press ? or * to list all spells.
You blink.
The centaur shoots an arrow.
The arrow hits your crimson imp!
The centaur shoots an arrow.
The arrow closely misses your crimson imp.
The arrow hits you!
* * * LOW HITPOINT WARNING * * *
Your crimson imp completely misses the centaur.
As you read the scroll of teleportation, it crumbles to dust.
You feel strangely unstable. Something hits your crimson imp!
Your crimson imp dies!
The centaur wields a +0 shortbow.
The centaur shoots an arrow.
The arrow hits you!
You die...

#########
#.(...@.#
#c#####.#
#ยง# .#
..######5####
.#
.c...$.c....#
.#
#.######.##.#
.# ..
#......# .#
.... #.#.####
.# ... #.#...
#.# #


You could see a centaur.

Vanquished Creatures
  A bullfrog (D:6)
  A hound (D:6)
  Crazy Yiuf (D:4)
  A bullfrog skeleton (D:4)
  An orc wizard (D:4)
  Natasha (D:3)
  An iguana (D:4)
  4 adders
  An ooze (D:1)
  3 worms
  3 dart slugs (D:1)
  5 leopard geckos
  3 orcs
  4 giant cockroaches
  11 goblins
  7 hobgoblins
  12 jackals
  2 quokkas
  A ball python (D:4)
  9 bats
  3 frilled lizards
  6 kobolds
  A quokka zombie (D:6)
  9 rats
91 creatures vanquished.

Vanquished Creatures (collateral kills)
  Eustachio (D:5)
  An ogre (D:6)
  A hound (D:3)
  Ijyb (D:1)
  Natasha (twice) (D:3)
  An orc wizard (D:4)
  5 adders
  A worm (D:2)
  An orc (D:4)
  A hobgoblin (D:2)
15 creatures vanquished.

Grand Total: 106 creatures vanquished

Notes
Turn   | Place    | Note
-------+----------+-------------------------------------------
     0 | D:1      | Bapho the Deep Elf Wizard began the quest for the Orb.
     0 | D:1      | Reached XP level 1. HP: 10/10 MP: 7/7
   404 | D:1      | Reached XP level 2. HP: 15/15 MP: 4/9
   578 | D:1      | Reached skill level 5 in Spellcasting
  1052 | D:1      | Reached XP level 3. HP: 19/19 MP: 6/11
  1460 | D:2      | Found an iron altar of Okawaru.
  1547 | D:2      | Learned a level 2 spell: Blink
  1550 | D:2      | Learned a level 2 spell: Call Imp
  1553 | D:2      | Learned a level 2 spell: Slow
  1557 | D:2      | Learned a level 3 spell: Conjure Flame
  2241 | D:2      | Reached XP level 4. HP: 24/24 MP: 6/13
  2960 | D:3      | Learned a level 3 spell: Mephitic Cloud
  3175 | D:3      | Found a faded altar of an unknown god.
  3409 | D:3      | Noticed Natasha
  3414 | D:3      | Killed Natasha
  3481 | D:3      | Noticed Natasha
  3508 | D:3      | Noticed Ijyb
  3516 | D:3      | Killed Natasha
  3516 | D:3      | Reached XP level 5. HP: 14/28 MP: 2/15
  3554 | D:3      | Noticed Natasha
  3872 | D:2      | HP: 1/28 [bat (1)]
  3881 | D:2      | HP: 1/28 [bat (1)]
  4193 | D:1      | Killed Ijyb
  4193 | D:1      | Reached skill level 1 in Fighting
  4393 | D:3      | Killed Natasha
  5108 | D:4      | Reached XP level 6. HP: 18/35 MP: 6/16
  5458 | D:4      | Found a radiant altar of Vehumet.
  5476 | D:4      | Became a worshipper of Vehumet
  5834 | D:4      | Found a runed translucent door.
  5835 | D:4      | Noticed Crazy Yiuf
  5862 | D:4      | Killed Crazy Yiuf
  6094 | D:5      | Entered Level 5 of the Dungeon
  6180 | D:5      | Noticed Eustachio
  6187 | D:5      | Found a shadowy altar of Dithmenos.
  6189 | D:5      | Found a glowing golden altar of the Shining One.
  6201 | D:5      | Killed Eustachio
  6350 | D:5      | Found a stormy altar of Qazlal.
  6607 | D:5      | Noticed a water elemental
  6610 | D:5      | Found a stormy altar of Qazlal.
  6611 | D:5      | Noticed a fire elemental
  6611 | D:5      | Noticed an air elemental
  6710 | D:5      | Found Qemir's Assorted Antiques.
  6990 | D:6      | Reached skill level 5 in Dodging
  6990 | D:6      | Reached XP level 7. HP: 16/41 MP: 1/17
  7227 | D:6      | Shot with an arrow by a centaur

Skill      XL: |  1  2  3  4  5  6  7 |
---------------+----------------------+-----
Spellcasting   | 5 |  5.8
Conjurations   | 2 3 |  3.9
Dodging        | 4 5 |  5.3
Fighting       | 2 3 4 |  4.0
Stealth        | |  2.5
Summonings     | |  1.1
Translocations | |  1.1

Action                   |  1- 3 |  4- 6 |  7- 9 || total
-------------------------+-------+-------+-------++-------
Melee: Short sword       |    23 |    44 |       ||    67
       Quarterstaff      |       |     5 |       ||     5
 Cast: Magic Dart        |    95 |   158 |    11 ||   264
       Call Imp          |     6 |    41 |     1 ||    48
       Blink             |       |     3 |     1 ||     4
  Use: Potion            |       |     3 |       ||     3
       Scroll            |       |     3 |     1 ||     4
 Stab: Sleeping          |       |     1 |       ||     1
  Eat: Chunk             |     3 |     8 |     1 ||    12
       Ration            |       |     2 |       ||     2
Armor: Robe              |     5 |    34 |       ||    39
       Skin              |       |    54 |       ||    54
Dodge: Dodged            |    26 |   146 |     1 ||   173
